ARIZONA Coyotes vs DALLAS Stars (R4)

Created - 4 octobre 2018 at 16:07

Goals
1 2 3 T
ARIZONA Coyotes 2 2 1 5
DALLAS Stars 1 1 1 3
Shots
1 2 3 T
ARIZONA Coyotes 13 15 9 37
DALLAS Stars 11 9 9 29

1st period

1. DALLAS Stars , Jamie McGinn 1 (Bryan Rust 1, Scott Hartnell 1) at 9:31
2. ARIZONA Coyotes , Patrick Eaves 1 (Sam Reinhart 1, Nicklas Backstrom 1) at 11:06
3. ARIZONA Coyotes , Ian Cole 1 (Mark Scheifele 1, Sam Reinhart 2) at 15:29 (PP)

Penalties :
Derek Ryan (DAL) for Fighting (Major) at 0:25, Erik Johnson (ARI) for Fighting (Major) at 0:25, Ben Hutton (DAL) for Fighting (Major) at 0:25, Alex Goligoski (ARI) for Fighting (Major) at 0:25, Connor Murphy (DAL) for Fighting (Major) at 0:25, Ryan Nugent-Hopkins (ARI) for Fighting (Major) at 0:25, Matt Read (DAL) for Boarding (Minor) at 0:25, Auston Matthews (ARI) for Roughing (Double Minor) at 0:25, Mikkel Boedker (DAL) for Tripping (Minor) at 0:25, Trevor Murphy (DAL) for Fighting (Major) at 7:08, Justin Schultz (ARI) for Fighting (Major) at 7:08, Curtis McKenzie (DAL) for Fighting (Major) at 7:08, Ryan Nugent-Hopkins (ARI) for Fighting (Major) at 7:08, Dalton Prout (DAL) for Fighting (Major) at 7:08, Nikita Zaitsev (ARI) for Fighting (Major) at 7:08, Tanner Fritz (DAL) for Roughing (Minor) at 7:08, Dale Weise (DAL) for Slashing (Minor) at 7:08, Mark Scheifele (ARI) for High sticking (Minor) at 7:08, Auston Matthews (ARI) for Cross-checking (Minor) at 7:08, Scott Hartnell (DAL) for Tripping (Minor) at 14:30, Ian Cole (ARI) for High sticking (Minor) at 18:28

2nd period

4. ARIZONA Coyotes , Michael Grabner 1 (Travis Konecny 1, Justin Schultz 1) at 5:26
5. ARIZONA Coyotes , Mark Scheifele 1 (Auston Matthews 1) at 5:40
6. DALLAS Stars , Chris Stewart 1 (Derek Ryan 1, Mark Barberio 1) at 9:00 (PP)

Penalties :
Patrick Eaves (ARI) for Holding (Minor) at 8:17, Deryk Engelland (ARI) for Holding (Minor) at 8:50, Jamie McGinn (DAL) for Tripping (Minor) at 11:30

3rd period

7. DALLAS Stars , Derek Ryan 1 (Connor Murphy 1) at 8:11 (PP)
8. ARIZONA Coyotes , Michael Grabner 2 (Mark Scheifele 2, Erik Johnson 1) at 19:40 (Empty Net)

Penalties :
Ryan Hartman (ARI) for Tripping (Minor) at 6:40, Travis Konecny (ARI) for Hooking (Minor) at 16:57

Goalie Stats

Andrei Vasilevskiy (ARI), 26 saves from 29 shots - (0,897), W, 1-0-0, 60:00 minutes
Scott Darling (DAL), 32 saves from 36 shots - (0,889), L, 0-1-0, 59:32 minutes

Players Stats for ARIZONA Coyotes

Player Name              G  A  P  +/- PIM S  H  SB GA TA FO     MP     PP MP  PK MP  
------------------------------------------------------------------------------------
Alex Goligoski           0  0  0   0  5   1  1  3  0  0  0/0     9:32   0:42   1:34 
Andrew Copp              0  0  0   0  0   1  1  0  0  0  5/12    9:56   0:00   2:23 
Auston Matthews          0  1  1   0  6   3  1  2  0  0  9/19   16:01   1:35   0:19 
Deryk Engelland          0  0  0   2  2   1  1  2  0  0  0/0    25:39   2:00   2:41 
Erik Johnson             0  1  1   1  5   0  7  3  0  0  0/0    22:00   0:04   2:53 
Ian Cole                 1  0  1   1  2   2  5  0  0  0  0/0    22:46   0:58   2:57 
Justin Schultz           0  1  1   1  5   1  0  0  0  0  0/0    22:46   1:18   4:50 
Mark Scheifele           1  2  3   1  2   7  0  0  0  0  1/1    18:41   1:35   1:53 
Michael Grabner          2  0  2   1  0   6  0  0  0  0  2/3    21:31   1:23   5:28 
Mikko Koivu              0  0  0   2  0   6  3  0  0  0  23/39  19:15   0:04   5:38 
Nicklas Backstrom        0  1  1   1  0   1  2  0  0  0  11/16  14:43   1:23   0:00 
Nikita Zaitsev           0  0  0   1  5   0  3  1  0  0  0/0    13:45   0:00   0:33 
Ondrej Kase              0  0  0   0  0   0  0  0  0  0  0/0     6:20   0:00   0:00 
Patrick Eaves            1  0  1   1  2   2  2  0  0  0  1/5    18:22   1:31   0:33 
Ryan Hartman             0  0  0   0  2   1  0  0  0  0  0/0     6:29   0:00   0:00 
Ryan Nugent-Hopkins      0  0  0   1  10  2  0  0  0  0  0/0    13:46   1:23   0:11 
Sam Reinhart             0  2  2   1  0   1  1  0  0  0  0/1    15:01   0:54   0:00 
Travis Konecny           0  1  1   1  2   2  2  0  0  0  0/0    11:04   0:00   0:00 

Players Stats for DALLAS Stars

Player Name              G  A  P  +/- PIM S  H  SB GA TA FO     MP     PP MP  PK MP  
------------------------------------------------------------------------------------
Ben Hutton               0  0  0  -1  5   3  1  1  0  0  0/0    22:28   3:29   1:26 
Bryan Rust               0  1  1   0  0   2  0  0  0  0  7/16   14:53   0:44   0:00 
Chris Stewart            1  0  1  -1  0   2  1  0  0  0  3/7    16:38   4:28   1:58 
Connor Brickley          0  0  0  -1  0   0  0  0  0  0  4/11   10:02   0:44   0:00 
Connor Murphy            0  1  1  -1  5   1  1  0  0  0  0/0    23:37   4:32   1:32 
Curtis McKenzie          0  0  0  -1  5   0  2  0  0  0  0/0     3:49   0:00   0:00 
Dale Weise               0  0  0  -1  2   3  1  0  0  0  2/3     9:01   3:33   0:55 
Dalton Prout             0  0  0  -1  5   0  1  1  0  0  0/0    10:09   0:44   0:35 
Derek Ryan               1  1  2  -1  5   4  1  1  0  0  18/36  22:51   3:44   1:51 
Jamie McGinn             1  0  1   0  2   3  0  0  0  0  0/1    17:31   3:33   0:12 
Lee Stempniak            0  0  0  -1  0   4  0  0  0  0  7/14   17:52   3:33   2:59 
MacKenzie Weegar         0  0  0  -1  0   0  2  1  0  0  0/0    21:01   0:00   1:01 
Mark Barberio            0  1  1  -1  0   1  3  1  0  0  0/0    25:37   2:45   2:52 
Matt Read                0  0  0  -1  2   1  1  1  0  0  0/1    18:03   0:00   0:00 
Mikkel Boedker           0  0  0  -1  2   2  1  0  0  0  1/1    22:50   3:44   0:00 
Scott Hartnell           0  1  1   0  2   2  2  1  0  0  1/3    14:08   0:00   0:00 
Tanner Fritz             0  0  0  -1  2   1  1  0  0  0  1/3     4:33   0:00   0:00 
Trevor Murphy            0  0  0  -1  5   0  0  0  0  0  0/0    15:50   4:32   2:28 

3 Stars

1 - Michael Grabner (ARI)
2 - Mark Scheifele (ARI)
3 - Ian Cole (ARI)

Power Play

ARIZONA Coyotes - 1 on 3 Attempt(s) - 33,33%
DALLAS Stars - 2 on 6 Attempt(s) - 33,33%

Penalty Kill

ARIZONA Coyotes - 4 on 6 Attempt(s) - 66,67% - Score 0 goal in Penalty Kill
DALLAS Stars - 2 on 3 Attempt(s) - 66,67% - Score 0 goal in Penalty Kill

Team Stat

ARIZONA Coyotes - Hits : 29 - Faceoff Wins : 52 - Blocked Shots : 11 - Penalty Minutes : 48
DALLAS Stars - Hits : 18 - Faceoff Wins : 44 - Blocked Shots : 7 - Penalty Minutes : 42

Official

Referees : Unknown
Linesman : Unknown

Game Notes

General Fight at 0:25 of 1st period
Derek Ryan and Erik Johnson fight to a draw at 0:25 of 1st period
Ben Hutton and Alex Goligoski fight to a draw at 0:25 of 1st period
Ryan Nugent-Hopkins beats up Connor Murphy at 0:25 of 1st period
General Fight at 7:08 of 1st period
Trevor Murphy and Justin Schultz fight to a draw at 7:08 of 1st period
Curtis McKenzie and Ryan Nugent-Hopkins fight to a draw at 7:08 of 1st period
Nikita Zaitsev beats up Dalton Prout at 7:08 of 1st period
Alex Goligoski is injured at 8:41 of 2nd period (Sore Left Knee)
Michael Grabner has scored in a empty net!

Finance

Level 1 -- Attendance: 4002 (61,57%) -- Ticket Income 480 240 $
Level 2 -- Attendance: 3295 (54,92%) -- Ticket Income 224 060 $
Level 3 -- Attendance: 1950 (48,75%) -- Ticket Income 66 300 $
Level 4 -- Attendance: 2573 (57,18%) -- Ticket Income 77 190 $
Luxury Box -- Attendance: 754 (75,40%) -- Ticket Income 165 880 $
Game was played at the American Airlines Center.
Total Attendance: 12574 (57,15%)
Total Ticket Income: 1 013 670 $
Other Income: 395 331 $
Total Income: 1 409 001 $

ARIZONA Coyotes

5 vs 5 Forward 
   Center                   Left Wing                Right Wing               Time % Phy DF OF 
 1 Auston Matthews          Ryan Nugent-Hopkins      Mark Scheifele           32     1   1  3  
 2 Nicklas Backstrom        Patrick Eaves            Sam Reinhart             30     1   2  2  
 3 Mikko Koivu              Michael Grabner          Travis Konecny           28     1   2  2  
 4 Andrew Copp              Ryan Hartman             Ondrej Kase              10     1   3  1  

5 vs 5 Defense 
   Defense                  Defense                                           Time % Phy DF OF 
 1 Alex Goligoski           Erik Johnson                                      35     1   2  2  
 2 Justin Schultz           Nikita Zaitsev                                    35     1   2  2  
 3 Deryk Engelland          Ian Cole                                          15     1   3  1  
 4 Deryk Engelland          Ian Cole                                          15     1   3  1  

PowerPlay Forward 
   Center                   Left Wing                Right Wing               Time % Phy DF OF 
 1 Patrick Eaves            Auston Matthews          Mark Scheifele           53     2   2  1  
 2 Nicklas Backstrom        Michael Grabner          Ryan Nugent-Hopkins      47     2   2  1  

PowerPlay Defense
   Defense                  Defense                                           Time % Phy DF OF 
 1 Alex Goligoski           Deryk Engelland                                   54     1   2  2  
 2 Ian Cole                 Sam Reinhart                                      46     1   2  2  

Penalty Kill 4 Players Forward 
   Center                   Wing                     Time % Phy DF OF 
 1 Mikko Koivu              Michael Grabner          60     1   2  2  
 2 Andrew Copp              Mark Scheifele           40     1   2  2  

Penalty Kill 4 Players Defense
   Defense                  Defense                  Time % Phy DF OF 
 1 Justin Schultz           Deryk Engelland          60     1   2  2  
 2 Alex Goligoski           Ian Cole                 40     1   2  2  

Penalty Kill - 3 Players Forward 
   Forward                                           Time % Phy DF OF 
 1 Mikko Koivu                                       60     1   2  2  
 2 Michael Grabner                                   40     1   2  2  

Penalty Kill - 3 Players Defense
   Defense                  Defense                  Time % Phy DF OF 
 1 Deryk Engelland          Justin Schultz           60     1   2  2  
 2 Ian Cole                 Alex Goligoski           40     1   2  2  

4 vs 4 Forward 
   Center                   Wing                     Time % Phy DF OF 
 1 Michael Grabner          Mark Scheifele           53     1   2  2  
 2 Auston Matthews          Ryan Nugent-Hopkins      47     1   2  2  

4 vs 4 Defense
   Defense                  Defense                  Time % Phy DF OF 
 1 Alex Goligoski           Justin Schultz           54     1   2  2  
 2 Deryk Engelland          Ian Cole                 46     1   2  2  

Last Minutes Offensive
   Center                   Left Wing                Right Wing               Defense                  Defense                  
   Auston Matthews          Nicklas Backstrom        Mark Scheifele           Alex Goligoski           Justin Schultz           

Last Minutes Defensive
   Center                   Left Wing                Right Wing               Defense                  Defense                  
   Mikko Koivu              Michael Grabner          Mark Scheifele           Deryk Engelland          Erik Johnson             

Goaltenders
Starting : Andrei Vasilevskiy       
Backup : Marc-Andre Fleury        

Extra Forwards
Normal : Mark Scheifele, Ryan Nugent-Hopkins, Michael Grabner - PP : Mark Scheifele, Ryan Nugent-Hopkins - PK : Ryan Nugent-Hopkins
Extra Defensemen
Normal : Deryk Engelland, Alex Goligoski, Ian Cole - PP : Deryk Engelland - PK : Alex Goligoski, Deryk Engelland
Penalty Shots
Auston Matthews, Mark Scheifele, Michael Grabner, Patrick Eaves, Ryan Nugent-Hopkins

DALLAS Stars

5 vs 5 Forward 
   Center                   Left Wing                Right Wing               Time % Phy DF OF 
 1 Derek Ryan               Matt Read                Mikkel Boedker           40     1   2  2  
 2 Bryan Rust               Scott Hartnell           Jamie McGinn             30     1   2  2  
 3 Connor Brickley          Chris Stewart            Lee Stempniak            20     1   2  2  
 4 Tanner Fritz             Curtis McKenzie          Dale Weise               10     1   2  2  

5 vs 5 Defense 
   Defense                  Defense                                           Time % Phy DF OF 
 1 Ben Hutton               Connor Murphy                                     40     1   2  2  
 2 Mark Barberio            MacKenzie Weegar                                  30     1   2  2  
 3 Dalton Prout             Trevor Murphy                                     20     1   2  2  
 4 Mark Barberio            Connor Murphy                                     10     1   2  2  

PowerPlay Forward 
   Center                   Left Wing                Right Wing               Time % Phy DF OF 
 1 Derek Ryan               Chris Stewart            Mikkel Boedker           60     1   2  2  
 2 Lee Stempniak            Dale Weise               Jamie McGinn             40     1   2  2  

PowerPlay Defense
   Defense                  Defense                                           Time % Phy DF OF 
 1 Trevor Murphy            Connor Murphy                                     60     1   2  2  
 2 Mark Barberio            Ben Hutton                                        40     1   2  2  

Penalty Kill 4 Players Forward 
   Center                   Wing                     Time % Phy DF OF 
 1 Lee Stempniak            Derek Ryan               60     1   2  2  
 2 Chris Stewart            Jamie McGinn             40     1   2  2  

Penalty Kill 4 Players Defense
   Defense                  Defense                  Time % Phy DF OF 
 1 Ben Hutton               Trevor Murphy            60     1   2  2  
 2 Mark Barberio            Connor Murphy            40     1   2  2  

Penalty Kill - 3 Players Forward 
   Forward                                           Time % Phy DF OF 
 1 Chris Stewart                                     60     1   2  2  
 2 Lee Stempniak                                     40     1   2  2  

Penalty Kill - 3 Players Defense
   Defense                  Defense                  Time % Phy DF OF 
 1 Trevor Murphy            Ben Hutton               60     1   2  2  
 2 Mark Barberio            Connor Murphy            40     1   2  2  

4 vs 4 Forward 
   Center                   Wing                     Time % Phy DF OF 
 1 Chris Stewart            Mikkel Boedker           60     1   2  2  
 2 Lee Stempniak            Jamie McGinn             40     1   2  2  

4 vs 4 Defense
   Defense                  Defense                  Time % Phy DF OF 
 1 Trevor Murphy            Connor Murphy            60     1   2  2  
 2 Mark Barberio            MacKenzie Weegar         40     1   2  2  

Last Minutes Offensive
   Center                   Left Wing                Right Wing               Defense                  Defense                  
   Derek Ryan               Matt Read                Mikkel Boedker           Ben Hutton               Connor Murphy            

Last Minutes Defensive
   Center                   Left Wing                Right Wing               Defense                  Defense                  
   Derek Ryan               Matt Read                Mikkel Boedker           Ben Hutton               Connor Murphy            

Goaltenders
Starting : Scott Darling            
Backup : Steve Mason              

Extra Forwards
Normal : Lee Stempniak, Chris Stewart, Dale Weise - PP : Lee Stempniak, Chris Stewart - PK : Dale Weise
Extra Defensemen
Normal : Connor Murphy, Trevor Murphy, Mark Barberio - PP : Mark Barberio - PK : Trevor Murphy, Mark Barberio
Penalty Shots
Lee Stempniak, Mikkel Boedker, Derek Ryan, Jamie McGinn, Chris Stewart


% Time on Ice - ARIZONA Coyotes

Lines # - Real PCT - Wanted PCT - Time Play
Normal Forward
1 - 31% - 32% - 13:46
2 - 30% - 30% - 13:20
3 - 25% - 28% - 11:05
4 - 14% - 10% - 6:20
Normal Defense
1 - 43% - 35% - 19:20
2 - 32% - 35% - 14:15
3 - 13% - 15% - 5:36
4 - 12% - 15% - 5:20
PP Forward
1 - 53% - 53% - 1:35
2 - 47% - 47% - 1:23
PP Defense
1 - 70% - 54% - 2:04
2 - 30% - 46% - 0:54
PK Forward
1 - 76% - 60% - 5:58
2 - 24% - 40% - 1:53
PK Defense
1 - 28% - 60% - 2:14
2 - 72% - 40% - 5:37
PK3 Forward
1 - 100% - 60% - 0:10
2 - 0% - 40% - 0:00
PK3 Defense
1 - 100% - 60% - 0:10
2 - 0% - 40% - 0:00
44 Forward
1 - 51% - 53% - 2:01
2 - 49% - 47% - 1:57
44 Defense
1 - 49% - 54% - 1:57
2 - 51% - 46% - 2:01
Last Minute Offensive  - 0:00
Last Minute Defensive  - 0:32
Total
Forward - 60:00
Defense - 60:00

% Time on Ice - DALLAS Stars

Lines # - Real PCT - Wanted PCT - Time Play
Normal Forward
1 - 39% - 40% - 17:32
2 - 30% - 30% - 13:32
3 - 20% - 20% - 8:53
4 - 10% - 10% - 4:34
Normal Defense
1 - 38% - 40% - 17:02
2 - 36% - 30% - 15:50
3 - 25% - 20% - 10:56
4 - 2% - 10% - 0:43
PP Forward
1 - 56% - 60% - 4:28
2 - 44% - 40% - 3:33
PP Defense
1 - 57% - 60% - 4:32
2 - 43% - 40% - 3:29
PK Forward
1 - 71% - 60% - 2:07
2 - 29% - 40% - 0:51
PK Defense
1 - 48% - 60% - 1:26
2 - 52% - 40% - 1:32
PK3 Forward
1 - 56% - 60% - 1:07
2 - 44% - 40% - 0:52
PK3 Defense
1 - 56% - 60% - 1:07
2 - 44% - 40% - 0:52
44 Forward
1 - 87% - 60% - 1:44
2 - 13% - 40% - 0:15
44 Defense
1 - 66% - 60% - 1:18
2 - 34% - 40% - 0:41
Last Minute Offensive  - 0:32
Last Minute Defensive  - 0:00
Total
Forward - 60:00
Defense - 60:00

Play by Play

1st period


0:01 of 1st period - Derek Ryan wins face-off versus Auston Matthews in neutral zone.
0:25 of 1st period - Derek Ryan and Erik Johnson fight to a draw.
0:25 of 1st period - Penalty to Derek Ryan for Fighting.
0:25 of 1st period - Penalty to Erik Johnson for Fighting.
0:25 of 1st period - Ben Hutton and Alex Goligoski fight to a draw.
0:25 of 1st period - Penalty to Ben Hutton for Fighting.
0:25 of 1st period - Penalty to Alex Goligoski for Fighting.
0:25 of 1st period - Ryan Nugent-Hopkins beats up Connor Murphy.
0:25 of 1st period - Penalty to Connor Murphy for Fighting.
0:25 of 1st period - Penalty to Ryan Nugent-Hopkins for Fighting.
0:25 of 1st period - Minor Penalty to Matt Read for Boarding.
0:25 of 1st period - Double Minor Penalty to Auston Matthews for Roughing.
0:25 of 1st period - Minor Penalty to Mikkel Boedker for Tripping.
0:26 of 1st period - Michael Grabner wins face-off versus Chris Stewart in DALLAS Stars zone.
0:26 of 1st period - Michael Grabner is hit by Mark Barberio.
0:42 of 1st period - Shot by Michael Grabner.
0:42 of 1st period - Stopped by Scott Darling without a rebound.
0:43 of 1st period - Mark Scheifele wins face-off versus Chris Stewart in DALLAS Stars zone.
2:31 of 1st period - Shot by Ryan Hartman.
2:31 of 1st period - Stopped by Scott Darling with a rebound.
2:33 of 1st period - Shot by Ryan Hartman.
2:33 of 1st period - Shot Blocked by Dalton Prout.
2:35 of 1st period - Shot by Ondrej Kase.
2:35 of 1st period - Deflect By Andrew Copp.
2:35 of 1st period - Stopped by Scott Darling with a rebound.
2:41 of 1st period - Shot by Ryan Hartman.
2:41 of 1st period - Shot Misses the Net.
2:43 of 1st period - Shot by Andrew Copp.
2:43 of 1st period - Shot Blocked by Scott Hartnell.
2:59 of 1st period - Shot by Nikita Zaitsev.
2:59 of 1st period - Shot Misses the Net.
3:01 of 1st period - Shot by Ondrej Kase.
3:01 of 1st period - Shot Misses the Net.
3:38 of 1st period - Shot by Mark Scheifele.
3:38 of 1st period - Shot Misses the Net.
3:40 of 1st period - Shot by Patrick Eaves.
3:40 of 1st period - Stopped by Scott Darling without a rebound.
3:41 of 1st period - Michael Grabner wins face-off versus Lee Stempniak in DALLAS Stars zone.
3:44 of 1st period - Shot by Mark Scheifele.
3:44 of 1st period - Stopped by Scott Darling without a rebound.
3:45 of 1st period - Mikkel Boedker wins face-off versus Mikko Koivu in DALLAS Stars zone.
3:45 of 1st period - Mikkel Boedker is hit by Travis Konecny.
4:33 of 1st period - Deryk Engelland is hit by Curtis McKenzie.
4:46 of 1st period - Icing by Tanner Fritz.
4:47 of 1st period - Tanner Fritz wins face-off versus Auston Matthews in DALLAS Stars zone.
5:04 of 1st period - Shot by Tanner Fritz.
5:04 of 1st period - Stopped by Andrei Vasilevskiy without a rebound.
5:05 of 1st period - Andrew Copp wins face-off versus Lee Stempniak in ARIZONA Coyotes zone.
6:17 of 1st period - Shot by Sam Reinhart.
6:17 of 1st period - Stopped by Scott Darling with a rebound.
6:20 of 1st period - Nicklas Backstrom is hit by Ben Hutton and loses puck.
6:36 of 1st period - Derek Ryan is hit by Erik Johnson and loses puck.
7:08 of 1st period - Trevor Murphy and Justin Schultz fight to a draw.
7:08 of 1st period - Penalty to Trevor Murphy for Fighting.
7:08 of 1st period - Penalty to Justin Schultz for Fighting.
7:08 of 1st period - Curtis McKenzie and Ryan Nugent-Hopkins fight to a draw.
7:08 of 1st period - Penalty to Curtis McKenzie for Fighting.
7:08 of 1st period - Penalty to Ryan Nugent-Hopkins for Fighting.
7:08 of 1st period - Nikita Zaitsev beats up Dalton Prout.
7:08 of 1st period - Penalty to Dalton Prout for Fighting.
7:08 of 1st period - Penalty to Nikita Zaitsev for Fighting.
7:08 of 1st period - Minor Penalty to Tanner Fritz for Roughing.
7:08 of 1st period - Minor Penalty to Dale Weise for Slashing.
7:08 of 1st period - Minor Penalty to Mark Scheifele for High sticking.
7:08 of 1st period - Minor Penalty to Auston Matthews for Cross-checking.
7:09 of 1st period - Chris Stewart wins face-off versus Michael Grabner in ARIZONA Coyotes zone.
7:31 of 1st period - Shot by Chris Stewart.
7:31 of 1st period - Shot Misses the Net.
7:33 of 1st period - Shot by Chris Stewart.
7:33 of 1st period - Shot Misses the Net.
7:35 of 1st period - Shot by Mark Barberio.
7:35 of 1st period - Shot Blocked by Deryk Engelland.
7:37 of 1st period - Shot by Mark Barberio.
7:37 of 1st period - Shot Misses the Net.
8:14 of 1st period - Off-side.
8:15 of 1st period - Lee Stempniak wins face-off versus Mikko Koivu in neutral zone.
8:25 of 1st period - Shot by Lee Stempniak.
8:25 of 1st period - Shot Blocked by Erik Johnson.
8:27 of 1st period - Shot by Mark Barberio.
8:27 of 1st period - Shot Misses the Net.
8:29 of 1st period - Shot by Lee Stempniak.
8:29 of 1st period - Stopped by Andrei Vasilevskiy without a rebound.
8:30 of 1st period - Mikko Koivu wins face-off versus Chris Stewart in ARIZONA Coyotes zone.
9:00 of 1st period - Alex Goligoski is hit by Chris Stewart and loses puck.
9:17 of 1st period - Shot by Mark Scheifele.
9:17 of 1st period - Stopped by Scott Darling without a rebound.
9:18 of 1st period - Bryan Rust wins face-off versus Auston Matthews in DALLAS Stars zone.
9:27 of 1st period - Shot by Bryan Rust.
9:27 of 1st period - Stopped by Andrei Vasilevskiy with a rebound.
9:29 of 1st period - Shot by Bryan Rust.
9:29 of 1st period - Shot Blocked by Auston Matthews.
9:31 of 1st period - Shot by Jamie McGinn.
9:31 of 1st period - Goal by Jamie McGinn - ARIZONA Coyotes : 0 - DALLAS Stars : 1.
9:32 of 1st period - Dale Weise wins face-off versus Auston Matthews in neutral zone.
9:45 of 1st period - Shot by Michael Grabner.
9:45 of 1st period - Deflect By Mark Scheifele.
9:45 of 1st period - Stopped by Scott Darling without a rebound.
9:46 of 1st period - Andrew Copp wins face-off versus Bryan Rust in DALLAS Stars zone.
10:57 of 1st period - Nicklas Backstrom is hit by Mark Barberio and loses puck.
11:06 of 1st period - Shot by Patrick Eaves.
11:06 of 1st period - Goal by Patrick Eaves - ARIZONA Coyotes : 1 - DALLAS Stars : 1.
11:07 of 1st period - Derek Ryan wins face-off versus Mikko Koivu in neutral zone.
11:21 of 1st period - Icing by Alex Goligoski.
11:22 of 1st period - Mikko Koivu wins face-off versus Tanner Fritz in ARIZONA Coyotes zone.
11:49 of 1st period - Shot by Dale Weise.
11:49 of 1st period - Stopped by Andrei Vasilevskiy with a rebound.
11:51 of 1st period - Shot by Dale Weise.
11:51 of 1st period - Stopped by Andrei Vasilevskiy without a rebound.
11:52 of 1st period - Nicklas Backstrom wins face-off versus Derek Ryan in ARIZONA Coyotes zone.
12:00 of 1st period - Mikkel Boedker is hit by Ian Cole and loses puck.
12:05 of 1st period - Shot by Derek Ryan.
12:05 of 1st period - Shot Blocked by Erik Johnson.
12:42 of 1st period - Jamie McGinn is hit by Ian Cole and loses puck.
13:07 of 1st period - Jamie McGinn is hit by Erik Johnson and loses puck.
13:43 of 1st period - Shot by Connor Brickley.
13:43 of 1st period - Shot Blocked by Nikita Zaitsev.
13:53 of 1st period - Shot by Travis Konecny.
13:53 of 1st period - Stopped by Scott Darling without a rebound.
13:54 of 1st period - Derek Ryan wins face-off versus Auston Matthews in DALLAS Stars zone.
14:11 of 1st period - Shot by Derek Ryan.
14:11 of 1st period - Stopped by Andrei Vasilevskiy with a rebound.
14:13 of 1st period - Shot by Matt Read.
14:13 of 1st period - Shot Misses the Net.
14:17 of 1st period - Shot by Derek Ryan.
14:17 of 1st period - Deflect By Mikkel Boedker.
14:17 of 1st period - Shot Misses the Net.
14:27 of 1st period - Shot by Ben Hutton.
14:27 of 1st period - Stopped by Andrei Vasilevskiy without a rebound.
14:28 of 1st period - Mikko Koivu wins face-off versus Bryan Rust in ARIZONA Coyotes zone.
14:28 of 1st period - Alex Goligoski is hit by Scott Hartnell and loses puck.
14:30 of 1st period - Minor Penalty to Scott Hartnell for Tripping.
14:31 of 1st period - Nicklas Backstrom wins face-off versus Lee Stempniak in DALLAS Stars zone.
14:58 of 1st period - Shot by Ryan Nugent-Hopkins.
14:58 of 1st period - Shot Misses the Net.
15:27 of 1st period - Shot by Ian Cole.
15:27 of 1st period - Stopped by Scott Darling with a rebound.
15:29 of 1st period - Shot by Ian Cole.
15:29 of 1st period - Goal by Ian Cole - ARIZONA Coyotes : 2 - DALLAS Stars : 1.
15:30 of 1st period - Andrew Copp wins face-off versus Scott Hartnell in neutral zone.
16:35 of 1st period - Shot by Travis Konecny.
16:35 of 1st period - Shot Misses the Net.
16:37 of 1st period - Shot by Alex Goligoski.
16:37 of 1st period - Stopped by Scott Darling without a rebound.
16:38 of 1st period - Connor Brickley wins face-off versus Auston Matthews in DALLAS Stars zone.
17:37 of 1st period - Icing by Erik Johnson.
17:38 of 1st period - Derek Ryan wins face-off versus Nicklas Backstrom in ARIZONA Coyotes zone.
18:00 of 1st period - Shot by Derek Ryan.
18:00 of 1st period - Stopped by Andrei Vasilevskiy without a rebound.
18:01 of 1st period - Bryan Rust wins face-off versus Mikko Koivu in ARIZONA Coyotes zone.
18:23 of 1st period - Off-side.
18:24 of 1st period - Derek Ryan wins face-off versus Sam Reinhart in neutral zone.
18:24 of 1st period - Derek Ryan is hit by Sam Reinhart.
18:27 of 1st period - Mark Barberio is hit by Ian Cole and loses puck.
18:28 of 1st period - Minor Penalty to Ian Cole for High sticking.
18:29 of 1st period - Mikko Koivu wins face-off versus Derek Ryan in ARIZONA Coyotes zone.
19:05 of 1st period - Shot by Connor Murphy.
19:05 of 1st period - Shot Misses the Net.
19:07 of 1st period - Shot by Derek Ryan.
19:07 of 1st period - Stopped by Andrei Vasilevskiy without a rebound.
19:08 of 1st period - Mikko Koivu wins face-off versus Lee Stempniak in ARIZONA Coyotes zone.
19:14 of 1st period - Icing by Mark Barberio.
19:15 of 1st period - Dale Weise wins face-off versus Mikko Koivu in DALLAS Stars zone.
19:17 of 1st period - Lee Stempniak is hit by Mikko Koivu.
19:27 of 1st period - Shot by Lee Stempniak.
19:27 of 1st period - Stopped by Andrei Vasilevskiy without a rebound.
19:28 of 1st period - Mikko Koivu wins face-off versus Derek Ryan in ARIZONA Coyotes zone.
19:45 of 1st period - Shot by Mikkel Boedker.
19:45 of 1st period - Shot Misses the Net.
Goals for this period are 2 for ARIZONA Coyotes vs 1 for DALLAS Stars.
Shots for this period are 13 for ARIZONA Coyotes vs 11 for DALLAS Stars.

2nd period


0:01 of 2nd period - Mikko Koivu wins face-off versus Derek Ryan in neutral zone.
0:06 of 2nd period - Shot by Michael Grabner.
0:06 of 2nd period - Stopped by Scott Darling without a rebound.
0:07 of 2nd period - Mikko Koivu wins face-off versus Derek Ryan in DALLAS Stars zone.
0:23 of 2nd period - Off-side.
0:24 of 2nd period - Lee Stempniak wins face-off versus Mikko Koivu in neutral zone.
1:03 of 2nd period - Shot by Ryan Nugent-Hopkins.
1:03 of 2nd period - Shot Misses the Net.
1:05 of 2nd period - Shot by Auston Matthews.
1:05 of 2nd period - Shot Misses the Net.
1:07 of 2nd period - Shot by Mark Scheifele.
1:07 of 2nd period - Stopped by Scott Darling without a rebound.
1:08 of 2nd period - Derek Ryan wins face-off versus Mikko Koivu in DALLAS Stars zone.
1:41 of 2nd period - Icing by Connor Murphy.
1:42 of 2nd period - Derek Ryan wins face-off versus Nicklas Backstrom in DALLAS Stars zone.
1:42 of 2nd period - Derek Ryan is hit by Patrick Eaves.
1:55 of 2nd period - Matt Read is hit by Nikita Zaitsev and loses puck.
2:12 of 2nd period - Shot by Justin Schultz.
2:12 of 2nd period - Stopped by Scott Darling without a rebound.
2:13 of 2nd period - Auston Matthews wins face-off versus Connor Brickley in DALLAS Stars zone.
2:23 of 2nd period - Shot by Auston Matthews.
2:23 of 2nd period - Stopped by Scott Darling without a rebound.
2:24 of 2nd period - Mikko Koivu wins face-off versus Bryan Rust in DALLAS Stars zone.
2:39 of 2nd period - Icing by Michael Grabner.
2:40 of 2nd period - Connor Brickley wins face-off versus Mikko Koivu in ARIZONA Coyotes zone.
2:47 of 2nd period - Shot by Lee Stempniak.
2:47 of 2nd period - Stopped by Andrei Vasilevskiy without a rebound.
2:48 of 2nd period - Nicklas Backstrom wins face-off versus Connor Brickley in ARIZONA Coyotes zone.
2:58 of 2nd period - Icing by MacKenzie Weegar.
2:59 of 2nd period - Connor Brickley wins face-off versus Auston Matthews in DALLAS Stars zone.
3:54 of 2nd period - Icing by Ian Cole.
3:55 of 2nd period - Derek Ryan wins face-off versus Auston Matthews in ARIZONA Coyotes zone.
4:24 of 2nd period - Derek Ryan is hit by Alex Goligoski and loses puck.
4:47 of 2nd period - Shot by Jamie McGinn.
4:47 of 2nd period - Shot Misses the Net.
4:49 of 2nd period - Shot by Bryan Rust.
4:49 of 2nd period - Shot Misses the Net.
4:58 of 2nd period - Icing by Erik Johnson.
4:59 of 2nd period - Nicklas Backstrom wins face-off versus Tanner Fritz in ARIZONA Coyotes zone.
5:14 of 2nd period - Nikita Zaitsev is hit by Tanner Fritz and loses puck.
5:26 of 2nd period - Shot by Michael Grabner.
5:26 of 2nd period - Goal by Michael Grabner - ARIZONA Coyotes : 3 - DALLAS Stars : 1.
5:27 of 2nd period - Auston Matthews wins face-off versus Bryan Rust in neutral zone.
5:38 of 2nd period - Shot by Mark Scheifele.
5:38 of 2nd period - Deflect By Auston Matthews.
5:38 of 2nd period - Shot Misses the Net.
5:40 of 2nd period - Shot by Mark Scheifele.
5:40 of 2nd period - Goal by Mark Scheifele - ARIZONA Coyotes : 4 - DALLAS Stars : 1.
5:41 of 2nd period - Mikko Koivu wins face-off versus Derek Ryan in neutral zone.
5:48 of 2nd period - Shot by Mikko Koivu.
5:48 of 2nd period - Stopped by Scott Darling without a rebound.
5:49 of 2nd period - Mikko Koivu wins face-off versus Derek Ryan in DALLAS Stars zone.
5:56 of 2nd period - Shot by Travis Konecny.
5:56 of 2nd period - Shot Misses the Net.
6:16 of 2nd period - Shot by Mikkel Boedker.
6:16 of 2nd period - Stopped by Andrei Vasilevskiy without a rebound.
6:17 of 2nd period - Nicklas Backstrom wins face-off versus Bryan Rust in ARIZONA Coyotes zone.
6:19 of 2nd period - Sam Reinhart is hit by Scott Hartnell and loses puck.
6:34 of 2nd period - Shot by Jamie McGinn.
6:34 of 2nd period - Stopped by Andrei Vasilevskiy with a rebound.
6:36 of 2nd period - Shot by Scott Hartnell.
6:36 of 2nd period - Shot Blocked by Alex Goligoski.
6:40 of 2nd period - Shot by Ben Hutton.
6:40 of 2nd period - Shot Misses the Net.
6:42 of 2nd period - Shot by Connor Murphy.
6:42 of 2nd period - Stopped by Andrei Vasilevskiy without a rebound.
6:43 of 2nd period - Mikko Koivu wins face-off versus Derek Ryan in ARIZONA Coyotes zone.
7:12 of 2nd period - Shot by Michael Grabner.
7:12 of 2nd period - Stopped by Scott Darling with a rebound.
7:16 of 2nd period - Shot by Mikko Koivu.
7:16 of 2nd period - Stopped by Scott Darling with a rebound.
7:39 of 2nd period - Off-side.
7:40 of 2nd period - Nicklas Backstrom wins face-off versus Jamie McGinn in neutral zone.
8:17 of 2nd period - Minor Penalty to Patrick Eaves for Holding.
8:18 of 2nd period - Mikko Koivu wins face-off versus Dale Weise in ARIZONA Coyotes zone.
8:35 of 2nd period - Shot by Connor Murphy.
8:35 of 2nd period - Shot Blocked by Alex Goligoski.
8:41 of 2nd period - Shot by Connor Murphy.
8:41 of 2nd period - Shot Blocked by Alex Goligoski.
8:41 of 2nd period - Alex Goligoski from ARIZONA Coyotes is injured at 8:41 of 2nd period (Sore Left Knee).
8:42 of 2nd period - Derek Ryan wins face-off versus Mikko Koivu in ARIZONA Coyotes zone.
8:43 of 2nd period - Shot by Mikkel Boedker.
8:43 of 2nd period - Shot Misses the Net.
8:50 of 2nd period - Minor Penalty to Deryk Engelland for Holding.
8:51 of 2nd period - Derek Ryan wins face-off versus Mikko Koivu in ARIZONA Coyotes zone.
9:00 of 2nd period - Shot by Chris Stewart.
9:00 of 2nd period - Goal by Chris Stewart - ARIZONA Coyotes : 4 - DALLAS Stars : 2.
9:01 of 2nd period - Derek Ryan wins face-off versus Mikko Koivu in neutral zone.
9:06 of 2nd period - Shot by Connor Murphy.
9:06 of 2nd period - Shot Misses the Net.
9:56 of 2nd period - Shot by Mark Barberio.
9:56 of 2nd period - Stopped by Andrei Vasilevskiy without a rebound.
9:57 of 2nd period - Andrew Copp wins face-off versus Lee Stempniak in ARIZONA Coyotes zone.
10:37 of 2nd period - Shot by Mikko Koivu.
10:37 of 2nd period - Stopped by Scott Darling without a rebound.
10:38 of 2nd period - Derek Ryan wins face-off versus Andrew Copp in DALLAS Stars zone.
10:38 of 2nd period - Derek Ryan is hit by Andrew Copp.
10:56 of 2nd period - Derek Ryan is hit by Nicklas Backstrom and loses puck.
11:30 of 2nd period - Minor Penalty to Jamie McGinn for Tripping.
11:31 of 2nd period - Lee Stempniak wins face-off versus Patrick Eaves in DALLAS Stars zone.
11:51 of 2nd period - Shot by Deryk Engelland.
11:51 of 2nd period - Shot Misses the Net.
11:58 of 2nd period - Icing by Mark Scheifele.
11:59 of 2nd period - Lee Stempniak wins face-off versus Patrick Eaves in ARIZONA Coyotes zone.
12:17 of 2nd period - Icing by Justin Schultz.
12:18 of 2nd period - Lee Stempniak wins face-off versus Patrick Eaves in ARIZONA Coyotes zone.
12:31 of 2nd period - Shot by Lee Stempniak.
12:31 of 2nd period - Shot Blocked by Deryk Engelland.
12:34 of 2nd period - Icing by Deryk Engelland.
12:35 of 2nd period - Patrick Eaves wins face-off versus Chris Stewart in ARIZONA Coyotes zone.
13:19 of 2nd period - Shot by Ryan Nugent-Hopkins.
13:19 of 2nd period - Shot Misses the Net.
13:21 of 2nd period - Shot by Michael Grabner.
13:21 of 2nd period - Deflect By Nicklas Backstrom.
13:21 of 2nd period - Stopped by Scott Darling without a rebound.
13:22 of 2nd period - Mikko Koivu wins face-off versus Lee Stempniak in DALLAS Stars zone.
13:25 of 2nd period - Shot by Auston Matthews.
13:25 of 2nd period - Stopped by Scott Darling without a rebound.
13:26 of 2nd period - Lee Stempniak wins face-off versus Nicklas Backstrom in DALLAS Stars zone.
13:32 of 2nd period - Icing by Michael Grabner.
13:33 of 2nd period - Bryan Rust wins face-off versus Andrew Copp in ARIZONA Coyotes zone.
13:42 of 2nd period - Shot by Ben Hutton.
13:42 of 2nd period - Shot Misses the Net.
13:58 of 2nd period - Shot by Bryan Rust.
13:58 of 2nd period - Stopped by Andrei Vasilevskiy with a rebound.
14:00 of 2nd period - Shot by Jamie McGinn.
14:00 of 2nd period - Deflect By Bryan Rust.
14:00 of 2nd period - Shot Misses the Net.
14:08 of 2nd period - Shot by Jamie McGinn.
14:08 of 2nd period - Deflect By Scott Hartnell.
14:08 of 2nd period - Stopped by Andrei Vasilevskiy without a rebound.
14:09 of 2nd period - Derek Ryan wins face-off versus Auston Matthews in ARIZONA Coyotes zone.
14:48 of 2nd period - Shot by Auston Matthews.
14:48 of 2nd period - Shot Blocked by MacKenzie Weegar.
14:50 of 2nd period - Shot by Mark Scheifele.
14:50 of 2nd period - Stopped by Scott Darling without a rebound.
14:51 of 2nd period - Chris Stewart wins face-off versus Mikko Koivu in DALLAS Stars zone.
14:51 of 2nd period - Chris Stewart is hit by Mikko Koivu.
14:56 of 2nd period - Icing by Connor Brickley.
14:57 of 2nd period - Mikko Koivu wins face-off versus Connor Brickley in DALLAS Stars zone.
15:30 of 2nd period - Shot by Travis Konecny.
15:30 of 2nd period - Shot Blocked by Ben Hutton.
15:32 of 2nd period - Shot by Deryk Engelland.
15:32 of 2nd period - Stopped by Scott Darling without a rebound.
15:33 of 2nd period - Auston Matthews wins face-off versus Derek Ryan in DALLAS Stars zone.
15:34 of 2nd period - Shot by Mark Scheifele.
15:34 of 2nd period - Deflect By Auston Matthews.
15:34 of 2nd period - Shot Misses the Net.
15:55 of 2nd period - Derek Ryan is hit by Nikita Zaitsev and loses puck.
16:15 of 2nd period - Icing by Justin Schultz.
16:16 of 2nd period - Auston Matthews wins face-off versus Scott Hartnell in ARIZONA Coyotes zone.
17:09 of 2nd period - Dalton Prout is hit by Nicklas Backstrom and loses puck.
17:59 of 2nd period - Shot by Travis Konecny.
17:59 of 2nd period - Shot Misses the Net.
18:01 of 2nd period - Shot by Michael Grabner.
18:01 of 2nd period - Stopped by Scott Darling without a rebound.
18:02 of 2nd period - Derek Ryan wins face-off versus Andrew Copp in DALLAS Stars zone.
18:42 of 2nd period - Icing by Mark Barberio.
18:43 of 2nd period - Auston Matthews wins face-off versus Derek Ryan in DALLAS Stars zone.
19:00 of 2nd period - Shot by Ryan Nugent-Hopkins.
19:00 of 2nd period - Shot Blocked by Mark Barberio.
19:29 of 2nd period - Shot by Ben Hutton.
19:29 of 2nd period - Shot Misses the Net.
19:31 of 2nd period - Shot by Bryan Rust.
19:31 of 2nd period - Shot Blocked by Auston Matthews.
19:41 of 2nd period - Shot by Ben Hutton.
19:41 of 2nd period - Stopped by Andrei Vasilevskiy without a rebound.
19:42 of 2nd period - Connor Brickley wins face-off versus Nicklas Backstrom in ARIZONA Coyotes zone.
19:50 of 2nd period - Icing by Ian Cole.
19:51 of 2nd period - Scott Hartnell wins face-off versus Nicklas Backstrom in ARIZONA Coyotes zone.
Goals for this period are 2 for ARIZONA Coyotes vs 1 for DALLAS Stars.
Shots for this period are 15 for ARIZONA Coyotes vs 9 for DALLAS Stars.

3rd period


0:01 of 3rd period - Mikko Koivu wins face-off versus Derek Ryan in neutral zone.
0:01 of 3rd period - Travis Konecny is hit by Matt Read and loses puck.
0:05 of 3rd period - Off-side.
0:06 of 3rd period - Derek Ryan wins face-off versus Mikko Koivu in neutral zone.
0:10 of 3rd period - Matt Read is hit by Ian Cole and loses puck.
0:42 of 3rd period - Shot by Michael Grabner.
0:42 of 3rd period - Shot Blocked by Matt Read.
0:44 of 3rd period - Shot by Mikko Koivu.
0:44 of 3rd period - Shot Misses the Net.
0:46 of 3rd period - Shot by Ian Cole.
0:46 of 3rd period - Shot Misses the Net.
2:03 of 3rd period - Connor Brickley is hit by Erik Johnson and loses puck.
2:22 of 3rd period - Shot by Connor Brickley.
2:22 of 3rd period - Shot Misses the Net.
2:24 of 3rd period - Shot by Chris Stewart.
2:24 of 3rd period - Deflect By Lee Stempniak.
2:24 of 3rd period - Shot Misses the Net.
2:40 of 3rd period - Ben Hutton is hit by Erik Johnson and loses puck.
2:45 of 3rd period - Shot by Dale Weise.
2:45 of 3rd period - Shot Misses the Net.
2:47 of 3rd period - Shot by Ben Hutton.
2:47 of 3rd period - Shot Misses the Net.
2:57 of 3rd period - Shot by Curtis McKenzie.
2:57 of 3rd period - Shot Blocked by Erik Johnson.
2:59 of 3rd period - Shot by Curtis McKenzie.
2:59 of 3rd period - Deflect By Dale Weise.
2:59 of 3rd period - Stopped by Andrei Vasilevskiy with a rebound.
3:01 of 3rd period - Shot by Tanner Fritz.
3:01 of 3rd period - Shot Misses the Net.
3:28 of 3rd period - Icing by Derek Ryan.
3:29 of 3rd period - Auston Matthews wins face-off versus Derek Ryan in DALLAS Stars zone.
3:54 of 3rd period - Shot by Matt Read.
3:54 of 3rd period - Shot Misses the Net.
4:12 of 3rd period - Shot by Auston Matthews.
4:12 of 3rd period - Shot Misses the Net.
4:32 of 3rd period - Shot by Mikko Koivu.
4:32 of 3rd period - Stopped by Scott Darling without a rebound.
4:33 of 3rd period - Bryan Rust wins face-off versus Andrew Copp in DALLAS Stars zone.
5:15 of 3rd period - Shot by Scott Hartnell.
5:15 of 3rd period - Shot Misses the Net.
5:22 of 3rd period - Icing by Travis Konecny.
5:23 of 3rd period - Mikko Koivu wins face-off versus Connor Brickley in ARIZONA Coyotes zone.
5:27 of 3rd period - Icing by Mikko Koivu.
5:28 of 3rd period - Mikko Koivu wins face-off versus Connor Brickley in ARIZONA Coyotes zone.
6:03 of 3rd period - Shot by Travis Konecny.
6:03 of 3rd period - Stopped by Scott Darling without a rebound.
6:04 of 3rd period - Derek Ryan wins face-off versus Andrew Copp in DALLAS Stars zone.
6:12 of 3rd period - Matt Read is hit by Deryk Engelland and loses puck.
6:16 of 3rd period - Icing by Erik Johnson.
6:17 of 3rd period - Bryan Rust wins face-off versus Andrew Copp in ARIZONA Coyotes zone.
6:17 of 3rd period - Mark Barberio is hit by Erik Johnson.
6:30 of 3rd period - Ryan Hartman is hit by MacKenzie Weegar and loses puck.
6:40 of 3rd period - Minor Penalty to Ryan Hartman for Tripping.
6:41 of 3rd period - Mikko Koivu wins face-off versus Derek Ryan in ARIZONA Coyotes zone.
6:52 of 3rd period - Ian Cole is hit by Mikkel Boedker and loses puck.
7:40 of 3rd period - Shot by Ben Hutton.
7:40 of 3rd period - Deflect By Jamie McGinn.
7:40 of 3rd period - Stopped by Andrei Vasilevskiy with a rebound.
7:50 of 3rd period - Shot by Mark Barberio.
7:50 of 3rd period - Deflect By Jamie McGinn.
7:50 of 3rd period - Shot Misses the Net.
7:52 of 3rd period - Shot by Lee Stempniak.
7:52 of 3rd period - Stopped by Andrei Vasilevskiy without a rebound.
7:53 of 3rd period - Lee Stempniak wins face-off versus Mikko Koivu in ARIZONA Coyotes zone.
8:01 of 3rd period - Shot by Ben Hutton.
8:01 of 3rd period - Stopped by Andrei Vasilevskiy without a rebound.
8:02 of 3rd period - Derek Ryan wins face-off versus Andrew Copp in ARIZONA Coyotes zone.
8:07 of 3rd period - Shot by Connor Murphy.
8:07 of 3rd period - Shot Misses the Net.
8:09 of 3rd period - Shot by Connor Murphy.
8:09 of 3rd period - Shot Misses the Net.
8:11 of 3rd period - Shot by Derek Ryan.
8:11 of 3rd period - Goal by Derek Ryan - ARIZONA Coyotes : 4 - DALLAS Stars : 3.
8:12 of 3rd period - Auston Matthews wins face-off versus Bryan Rust in neutral zone.
8:15 of 3rd period - Shot by Mark Scheifele.
8:15 of 3rd period - Shot Misses the Net.
8:23 of 3rd period - Shot by Auston Matthews.
8:23 of 3rd period - Shot Misses the Net.
8:25 of 3rd period - Shot by Auston Matthews.
8:25 of 3rd period - Shot Misses the Net.
8:29 of 3rd period - Shot by Ryan Nugent-Hopkins.
8:29 of 3rd period - Stopped by Scott Darling without a rebound.
8:30 of 3rd period - Nicklas Backstrom wins face-off versus Derek Ryan in DALLAS Stars zone.
8:43 of 3rd period - Shot by Mikkel Boedker.
8:43 of 3rd period - Stopped by Andrei Vasilevskiy without a rebound.
8:44 of 3rd period - Bryan Rust wins face-off versus Auston Matthews in ARIZONA Coyotes zone.
9:18 of 3rd period - Mark Scheifele is hit by MacKenzie Weegar and loses puck.
9:27 of 3rd period - Shot by Mark Scheifele.
9:27 of 3rd period - Shot Misses the Net.
10:03 of 3rd period - Shot by Mikko Koivu.
10:03 of 3rd period - Shot Misses the Net.
10:07 of 3rd period - Shot by Mikko Koivu.
10:07 of 3rd period - Stopped by Scott Darling without a rebound.
10:08 of 3rd period - Nicklas Backstrom wins face-off versus Connor Brickley in DALLAS Stars zone.
10:36 of 3rd period - Shot by Chris Stewart.
10:36 of 3rd period - Stopped by Andrei Vasilevskiy with a rebound.
10:38 of 3rd period - Shot by Chris Stewart.
10:38 of 3rd period - Shot Misses the Net.
10:40 of 3rd period - Shot by Chris Stewart.
10:40 of 3rd period - Shot Misses the Net.
11:09 of 3rd period - Tanner Fritz is hit by Nikita Zaitsev and loses puck.
11:17 of 3rd period - Mark Scheifele is hit by Curtis McKenzie and loses puck.
11:38 of 3rd period - Auston Matthews is hit by Connor Murphy and loses puck.
11:43 of 3rd period - Shot by Ryan Nugent-Hopkins.
11:43 of 3rd period - Deflect By Auston Matthews.
11:43 of 3rd period - Stopped by Scott Darling with a rebound.
11:49 of 3rd period - Shot by Mark Scheifele.
11:49 of 3rd period - Stopped by Scott Darling without a rebound.
11:50 of 3rd period - Mikko Koivu wins face-off versus Derek Ryan in DALLAS Stars zone.
12:01 of 3rd period - Shot by Mikko Koivu.
12:01 of 3rd period - Stopped by Scott Darling without a rebound.
12:02 of 3rd period - Andrew Copp wins face-off versus Bryan Rust in DALLAS Stars zone.
12:02 of 3rd period - Andrew Copp is hit by Dalton Prout.
12:20 of 3rd period - Shot by Scott Hartnell.
12:20 of 3rd period - Shot Misses the Net.
12:22 of 3rd period - Shot by Trevor Murphy.
12:22 of 3rd period - Shot Misses the Net.
12:24 of 3rd period - Shot by Scott Hartnell.
12:24 of 3rd period - Stopped by Andrei Vasilevskiy without a rebound.
12:25 of 3rd period - Auston Matthews wins face-off versus Derek Ryan in ARIZONA Coyotes zone.
12:25 of 3rd period - Mark Scheifele is hit by Derek Ryan and loses puck.
12:51 of 3rd period - Icing by Mark Barberio.
12:52 of 3rd period - Mikko Koivu wins face-off versus Matt Read in DALLAS Stars zone.
13:00 of 3rd period - Mark Barberio is hit by Travis Konecny and loses puck.
13:49 of 3rd period - Icing by Mikko Koivu.
13:50 of 3rd period - Mikko Koivu wins face-off versus Bryan Rust in ARIZONA Coyotes zone.
13:54 of 3rd period - Icing by Travis Konecny.
13:55 of 3rd period - Bryan Rust wins face-off versus Mikko Koivu in ARIZONA Coyotes zone.
13:55 of 3rd period - Bryan Rust is hit by Ian Cole.
13:57 of 3rd period - Shot by Jamie McGinn.
13:57 of 3rd period - Shot Misses the Net.
14:23 of 3rd period - Bryan Rust is hit by Auston Matthews and loses puck.
14:30 of 3rd period - Shot by Ryan Nugent-Hopkins.
14:30 of 3rd period - Stopped by Scott Darling without a rebound.
14:31 of 3rd period - Chris Stewart wins face-off versus Patrick Eaves in DALLAS Stars zone.
14:31 of 3rd period - Chris Stewart is hit by Patrick Eaves.
15:23 of 3rd period - Curtis McKenzie is hit by Erik Johnson and loses puck.
15:42 of 3rd period - Off-side.
15:43 of 3rd period - Auston Matthews wins face-off versus Derek Ryan in neutral zone.
15:59 of 3rd period - Ian Cole is hit by Mark Barberio and loses puck.
16:10 of 3rd period - Shot by Mark Scheifele.
16:10 of 3rd period - Shot Misses the Net.
16:12 of 3rd period - Shot by Deryk Engelland.
16:12 of 3rd period - Shot Blocked by Derek Ryan.
16:57 of 3rd period - Minor Penalty to Travis Konecny for Hooking.
16:58 of 3rd period - Mikko Koivu wins face-off versus Lee Stempniak in ARIZONA Coyotes zone.
16:58 of 3rd period - Erik Johnson is hit by Dale Weise and loses puck.
17:22 of 3rd period - Dale Weise is hit by Erik Johnson and loses puck.
17:29 of 3rd period - Shot by Jamie McGinn.
17:29 of 3rd period - Shot Misses the Net.
17:49 of 3rd period - Bryan Rust is hit by Mikko Koivu and loses puck.
18:57 of 3rd period - Shot by Dale Weise.
18:57 of 3rd period - Deflect By Matt Read.
18:57 of 3rd period - Stopped by Andrei Vasilevskiy without a rebound.
18:58 of 3rd period - Nicklas Backstrom wins face-off versus Derek Ryan in ARIZONA Coyotes zone.
19:08 of 3rd period - Off-side.
19:09 of 3rd period - Derek Ryan wins face-off versus Mikko Koivu in neutral zone.
19:12 of 3rd period - DALLAS Stars, Scott Darling is pulled from the net.
19:22 of 3rd period - Shot by Derek Ryan.
19:22 of 3rd period - Shot Misses the Net.
19:40 of 3rd period - Shot by Michael Grabner.
19:40 of 3rd period - Goal by Michael Grabner - ARIZONA Coyotes : 5 - DALLAS Stars : 3.
19:40 of 3rd period - Scott Darling from DALLAS Stars was sent back in the game.
19:41 of 3rd period - Nicklas Backstrom wins face-off versus Bryan Rust in neutral zone.
19:50 of 3rd period - Icing by Nikita Zaitsev.
19:51 of 3rd period - Nicklas Backstrom wins face-off versus Connor Brickley in ARIZONA Coyotes zone.
Goals for this period are 1 for ARIZONA Coyotes vs 1 for DALLAS Stars.
Shots for this period are 9 for ARIZONA Coyotes vs 9 for DALLAS Stars.